 Dungeon Crawl Stone Soup version 0.31-a0-182-gc5ef74bbde (webtiles) character file.

Game seed: 4283808426034404982

24542 qw the Cleaver (level 13, 0/82 HPs)
             Began as a Gargoyle Fighter on June 20, 2023.
             Was an Elder of Okawaru.
             Slain by a black mamba (6 damage)
             ... on level 4 of the Lair of Beasts.
             The game lasted 00:06:24 (13388 turns).

qw the Cleaver (Gargoyle Fighter)                  Turns: 13388, Time: 00:06:24

Health: 0/82       AC: 38    Str: 24    XL:     13   Next: 13%
Magic:  0/20       EV:  9    Int: 10    God:    Okawaru [****..]
Gold:   396        SH:  6    Dex:  9    Spells: 12/12 levels left

rFire   . . .        v - +0 broad axe
rCold   . . .        c - +0 buckler
rNeg    + . .        j - +0 plate armour
rPois   inf          (no helmet)
rElec   +            q - +0 cloak
rCorr   .            s - +1 pair of gloves {infuse}
SInv    +            e - +2 pair of boots {Stlth+}
Will    .....        (no amulet) Stlth
                     a - ring of see invisible
HPRegen 0.33/turn    u - +4 ring of protection
MPRegen 0.17/turn

%: no passive effects
@: about to teleport, heroic
A: sickness immunity, AC +9, negative energy resistance 1, electricity
resistance, torment resistance 1, petrification resistance
a: Renounce Religion, Heroism, Finesse


You were on level 4 of the Lair of Beasts.
You worshipped Okawaru.
Okawaru was greatly pleased with you.
You visited 3 branches of the dungeon, and saw 15 of its levels.

You collected 584 gold pieces.
You spent 188 gold pieces at shops.


Innate Abilities, Weirdness & Mutations

You are immune to sickness and miasma.
Your stone body is resilient. (AC +9)
You are immune to poison.
You resist negative energy. (rN+)
You are resistant to electric shocks. (rElec)
You are resistant to unholy torment.
You are immune to petrification.


   Skills:
 - Level 10.0(15.0) Fighting
 + Level 13.5(18.5) Axes
 - Level 2.6(7.6) Throwing
 - Level 10.0(15.0) Armour
 - Level 2.0(7.0) Dodging
 - Level 6.0(11.0) Shields
 - Level 10.0 Invocations


You had 12 spell levels left.
You didn't know any spells.
Your spell library was empty.

Inventory:

Hand Weapons
 o - a +1 demon whip of venom
 p - a +0 heavy flail
 v - a +0 broad axe (weapon)
Missiles
 r - 2 boomerangs (quivered)
Armour
 c - a +0 buckler (worn)
 e - a +2 pair of boots of stealth (worn)
 j - a +0 plate armour (worn)
 q - a +0 cloak (worn)
 s - a +1 pair of gloves of infusion (worn)
Jewellery
 a - a ring of see invisible (left hand)
 u - a +4 ring of protection (right hand)
Scrolls
 i - a scroll of teleportation
 k - 3 scrolls of identify
Potions
 b - 2 potions of enlightenment
 d - 3 potions of might
 f - 2 potions of attraction
 g - a potion of haste
 h - a potion of mutation
 l - 3 potions of lignification
 n - 5 potions of curing
 t - a potion of cancellation

Dungeon Overview and Level Annotations

Branches:
Dungeon (9/15)             Temple (1/1) D:6            Lair (5/5) D:9
  Snake (0/4) Lair:3
  Swamp: Lair:2-3    Shoals: Lair:2-3     Slime: Lair:4-5       Orc: D:9-12

Altars:
Ashenzari
Cheibriados
Dithmenos
Elyvilon
Fedhas
Gozag
Hepliaklqana
Kikubaaqudgha
Makhleb
Nemelex Xobeh
Okawaru
Qazlal
Ru
Sif Muna
Trog
Uskayaw
Vehumet
Wu Jian
Zin
The Shining One

Shops:
D:5 (*(   D:6 **

Annotations:
D:7 1 runed translucent door, exclusion: goblin, qw's ghost, novice MiHu
Lair:5 1 runed translucent door


Message History

You feel strangely unstable. The wolf barely misses you.
The black mamba bites you but does no damage. x2
The wolf closely misses you. The wolf bites you but does no damage.
The cane toad stings you but does no damage.
The black mamba barely misses you.
The black mamba bites you but does no damage.
You hit the wolf but do no damage.
The wolf is almost dead.
You barely miss the black mamba. You slash the cane toad!
You closely miss the black mamba. You slash the wolf!
The wolf closely misses you. You block the wolf's attack.
The black mamba closely misses you.
The cane toad stings you but does no damage.
The black mamba barely misses you.
You slice the wolf!!
You kill the wolf!
Okawaru accepts your kill.
You miss the black mamba. You hit the cane toad. You hit the black mamba.
You closely miss the wolf.
The black mamba bites you but does no damage.
The wolf bites you but does no damage. You block the black mamba's attack.
The cane toad misses you.
You slash the wolf!
You kill the wolf!
Okawaru accepts your kill.
You hit the black mamba but do no damage.
You slash the cane toad! You hit the cane toad. You slash the black mamba!
The black mamba bites you but does no damage. x3
The cane toad stings you!
The cane toad stings you but does no damage.
You slash the cane toad!
You kill the cane toad!
Okawaru accepts your kill.
You slash the black mamba!
You kill the black mamba!
Okawaru accepts your kill.
You slash the black mamba! You hit the cane toad. The black mamba bites you.
You die...

#..............
..........!..$....
............#..¤..
P...........~~~¤¤
###.........#~~~¤~
#...........~¤~¤¤¤
#......%...#¤¤¤~~
#....>%.SF.~¤¤~¤
#......%@..~¤¤.#
.........#....#¤¤.
#.P.....##.....¤..
#......##........#
#.P##.. .#####..#
#.# #.. .. .# ..
F.. .. . ### ..#


You could see a black mamba and a cane toad.

Vanquished Creatures
  A hydra (Lair:5)
  A boulder beetle (Lair:2)
  3 death yaks (Lair:5)
  Amaemon (Lair:1)
  A skyshark (Lair:5)
  4 black mambas
  An orange demon (Lair:1)
  Maggie (Lair:1)
  8 cane toads
  5 komodo dragons
  An unseen horror (D:9)
  3 trolls
  A polar bear (Lair:1)
  14 blink frogs
  A shadow (D:9)
  2 wraiths
  4 wyverns
  2 basilisks
  27 yaks
  3 nagas (Lair:3)
  9 water moccasins
  4 orc warriors (D:8)
  2 sky beasts (D:6)
  2 black bears
  3 ogres
  17 wolves
  3 phantoms
  12 bullfrogs
  2 gnoll sergeants
  A scorpion (D:6)
  21 wights
  4 howler monkeys
  8 orc priests
  A hound (D:7)
  2 sleepcaps
  Natasha (twice) (D:3)
  7 orc wizards
  6 gnolls
  13 adders
  2 shadow imps (D:7)
  4 ufetubi
  2 worms
  3 dart slugs
  45 orcs
  5 ball pythons
  5 bats
  4 endoplasms
  11 goblins
  4 hobgoblins
  7 jackals
  5 quokkas
  A frilled lizard (D:2)
  7 kobolds
  2 rats (D:2)
  A butterfly (Lair:2)
311 creatures vanquished.

Notes
Turn   | Place    | Note
-------+----------+-------------------------------------------
     0 | D:1      | qw the Gargoyle Fighter began the quest for the Orb.
     0 | D:1      | Reached XP level 1. HP: 14/14 MP: 1/1
     0 | D:1      | 0 ||| qw: Version: 0.3-a-9-g12657ce
     0 | D:1      | 0 ||| qw: Game counter: 1357
     0 | D:1      | 0 ||| qw: Always use a shield: true
     0 | D:1      | 0 ||| qw: God list: Okawaru
     0 | D:1      | 0 ||| qw: Allow faded altars: false
     0 | D:1      | 0 ||| qw: Do Orc after D:15 true
     0 | D:1      | 0 ||| qw: Do second Lair branch before Depths: true
     0 | D:1      | 0 ||| qw: Lair rune preference: random
     0 | D:1      | 0 ||| qw: Plans: Normal, Zot:1-4, Slime:5, God:TSO, Crypt,
                  | Tomb, Abyss, Pan, Hells, Win
     0 | D:1      | 0 ||| PLANNING D:1-11
   146 | D:1      | Reached skill level 2 in Axes
   185 | D:1      | Reached XP level 2. HP: 19/19 MP: 2/2
   250 | D:1      | 250 ||| Stepping ~*~*~tactically~*~*~ (stealth).
   251 | D:1      | 251 ||| Stepping ~*~*~tactically~*~*~ (stealth).
   632 | D:1      | 632 ||| Stepping ~*~*~tactically~*~*~ (stealth).
   783 | D:1      | Reached skill level 3 in Axes
   863 | D:1      | 863 ||| READING scroll labelled HIDGHO SE NENI.
   864 | D:1      | 864 ||| READING scroll labelled PEUC BORYSOYP.
   865 | D:1      | 865 ||| READING scroll labelled CYFREJU WAUMY.
   936 | D:2      | Reached XP level 3. HP: 22/23 MP: 3/3
  1024 | D:2      | Identified the +7 whip of the Supporting Sybil {protect,
                  | Int+2 Dex+3}
  1026 | D:2      | 1026 ||| DROPPING +0 whip.
  1206 | D:2      | 1206 ||| Stepping ~*~*~tactically~*~*~ (stealth).
  1208 | D:2      | 1208 ||| Stepping ~*~*~tactically~*~*~ (hiding).
  1211 | D:2      | 1211 ||| Stepping ~*~*~tactically~*~*~ (hiding).
  1591 | D:2      | 1591 ||| DROPPING +7 whip of the Supporting Sybil {protect,
                  | Int+2 Dex+3}.
  1724 | D:2      | 1724 ||| Stepping ~*~*~tactically~*~*~ (hiding).
  1728 | D:2      | 1728 ||| Stepping ~*~*~tactically~*~*~ (hiding).
  1741 | D:2      | 1741 ||| Stepping ~*~*~tactically~*~*~ (stealth).
  1779 | D:2      | 1779 ||| UPGRADING to +1 pair of boots of stealth.
  1784 | D:2      | 1784 ||| READING scroll labelled EJEADD MOZI.
  1785 | D:2      | 1785 ||| READING scroll labelled RISHROK JEXOA.
  1786 | D:2      | 1786 ||| READING 2 scrolls labelled YMIGILIGOI.
  1843 | D:3      | 1843 ||| Stepping ~*~*~tactically~*~*~ (hiding).
  1914 | D:3      | Reached XP level 4. HP: 25/28 MP: 4/4
  2037 | D:3      | Reached skill level 4 in Axes
  2252 | D:3      | 2252 ||| Stepping ~*~*~tactically~*~*~ (hiding).
  2458 | D:3      | Reached XP level 5. HP: 28/32 MP: 5/5
  2518 | D:3      | Noticed Natasha
  2531 | D:3      | Killed Natasha
  2532 | D:3      | Reached skill level 5 in Axes
  2697 | D:3      | Found a sparkling altar of Nemelex Xobeh.
  2698 | D:3      | Found a shimmering blue altar of Sif Muna.
  2699 | D:3      | 2699 ||| Stepping ~*~*~tactically~*~*~ (stealth).
  2708 | D:3      | Reached XP level 6. HP: 17/38 MP: 6/6
  2808 | D:3      | Found a blossoming altar of Fedhas.
  2809 | D:3      | Found a bloodstained altar of Trog.
  2832 | D:3      | 2832 ||| Stepping ~*~*~tactically~*~*~ (stealth).
  2834 | D:3      | 2834 ||| Stepping ~*~*~tactically~*~*~ (stealth).
  2963 | D:3      | 2963 ||| UPGRADING to +0 chain mail.
  2973 | D:3      | 2973 ||| DROPPING +0 scale mail.
  2974 | D:3      | 2974 ||| UPGRADING to +0 plate armour.
  2984 | D:3      | 2984 ||| DROPPING +0 chain mail.
  2985 | D:3      | 2985 ||| READING scroll labelled JOPEMURECK.
  2986 | D:3      | 2986 ||| READING 2 scrolls of identify.
  2986 | D:3      | 2986 ||| IDENTIFYING murky sapphire potion
  2994 | D:3      | Noticed Natasha
  2995 | D:3      | 2995 ||| Stepping ~*~*~tactically~*~*~ (hiding).
  3003 | D:3      | Killed Natasha
  3094 | D:4      | 3094 ||| Stepping ~*~*~tactically~*~*~ (hiding).
  3381 | D:4      | Reached skill level 6 in Axes
  3390 | D:4      | Found a glowing silver altar of Zin.
  3549 | D:4      | Reached XP level 7. HP: 43/43 MP: 7/7
  3973 | D:4      | Found a stormy altar of Qazlal.
  3982 | D:4      | 3982 ||| READING scroll labelled SYLEAXT MUGUO.
  3983 | D:4      | 3983 ||| READING scroll labelled XUOSTITALI.
  3984 | D:4      | 3984 ||| READING scroll labelled USHROY MI KOSORPH.
  3985 | D:4      | 3985 ||| READING 4 scrolls of identify.
  3985 | D:4      | 3985 ||| IDENTIFYING pink potion
  3986 | D:4      | 3986 ||| READING 3 scrolls of identify.
  3986 | D:4      | 3986 ||| IDENTIFYING fuming blue potion
  4043 | D:5      | Entered Level 5 of the Dungeon
  4050 | D:5      | Found Tecemo's Weapon Shop.
  4059 | D:5      | 4059 ||| SHOPLISTING +2 morningstar of protection (201
                  | gold, have 110).
  4103 | D:5      | 4103 ||| Stepping ~*~*~tactically~*~*~ (stealth).
  4182 | D:5      | 4182 ||| Stepping ~*~*~tactically~*~*~ (hiding).
  4183 | D:5      | 4183 ||| Stepping ~*~*~tactically~*~*~ (hiding).
  4352 | D:5      | 4352 ||| FLEEEEING.
  4525 | D:5      | Found Qateq's Antique Weapon Boutique.
  4568 | D:5      | Found Arieluhu's Neck Hole.
  4576 | D:5      | 4576 ||| BUYING +0 cloak (58 gold).
  4576 | D:5      | Bought a +0 cloak for 58 gold pieces
  4576 | D:5      | 4576 ||| SHOPLISTING amulet of reflection (390 gold, have
                  | 131).
  4576 | D:5      | 4576 ||| SHOPLISTING scarf of resistance (416 gold, have
                  | 131).
  4985 | D:5      | 4985 ||| UPGRADING to +0 cloak.
  4990 | D:5      | 4990 ||| READING scroll labelled FILON DIFOS.
  4991 | D:5      | 4991 ||| READING scroll labelled WIYTU SITE.
  5092 | D:5      | 5092 ||| READING 3 scrolls of identify.
  5092 | D:5      | 5092 ||| IDENTIFYING green potion
  5093 | D:5      | 5093 ||| READING 2 scrolls of identify.
  5093 | D:5      | 5093 ||| IDENTIFYING amethyst potion
  5094 | D:5      | 5094 ||| DROPPING potion of degeneration.
  5095 | D:5      | 5095 ||| DROPPING potion of brilliance.
  5130 | D:6      | Reached skill level 7 in Axes
  5147 | D:6      | Reached XP level 8. HP: 31/49 MP: 8/8
  5220 | D:6      | Reached skill level 1 in Dodging
  5339 | D:6      | Found Fiqotzil's Specific Store.
  5340 | D:6      | Found Gyschevo's General Store.
  5352 | D:6      | 5352 ||| BUYING 2 potions of lignification (60 gold).
  5352 | D:6      | Bought 2 potions of lignification for 60 gold pieces
  5352 | D:6      | 5352 ||| BUYING potion of heal wounds (50 gold).
  5352 | D:6      | Bought a potion of heal wounds for 50 gold pieces
  5352 | D:6      | 5352 ||| SHOPLISTING potion of heal wounds (50 gold, have
                  | 21).
  5352 | D:6      | 5352 ||| SHOPLISTING potion of lignification (30 gold, have
                  | 21).
  5352 | D:6      | 5352 ||| BUYING scroll of identify (20 gold).
  5352 | D:6      | Bought a scroll of identify for 20 gold pieces
  5371 | D:6      | Found a staircase to the Ecumenical Temple.
  5372 | D:6      | 5372 ||| PLANNING TEMPLE
  5372 | D:6      | 5372 ||| READING scroll labelled XICICR RAM ANUM.
  5373 | D:6      | 5373 ||| READING 2 scrolls of identify.
  5373 | D:6      | 5373 ||| IDENTIFYING lumpy purple potion
  5374 | D:6      | 5374 ||| DROPPING potion of invisibility.
  5384 | Temple   | Entered the Ecumenical Temple
  5556 | Temple   | 5556 ||| PLANNING D:1-11
  5656 | D:6      | 5656 ||| Stepping ~*~*~tactically~*~*~ (hiding).
  5659 | D:6      | 5659 ||| Stepping ~*~*~tactically~*~*~ (hiding).
  5660 | D:6      | 5660 ||| Stepping ~*~*~tactically~*~*~ (hiding).
  5661 | D:6      | 5661 ||| Stepping ~*~*~tactically~*~*~ (hiding).
  5691 | D:6      | 5691 ||| FLEEEEING.
  5692 | D:6      | 5692 ||| FLEEEEING.
  5694 | D:6      | 5694 ||| FLEEEEING.
  5695 | D:6      | 5695 ||| FLEEEEING.
  5696 | D:6      | 5696 ||| FLEEEEING.
  5697 | D:6      | 5697 ||| FLEEEEING.
  5698 | D:6      | 5698 ||| Stepping ~*~*~tactically~*~*~ (hiding).
  5793 | D:6      | Found a burning altar of Makhleb.
  5812 | D:6      | Reached skill level 8 in Axes
  6057 | D:6      | Found an iron altar of Okawaru.
  6058 | D:6      | 6058 ||| PLANNING OKAWARU WORSHIP
  6064 | D:6      | Became a worshipper of Warmaster Okawaru
  6065 | D:6      | 6065 ||| PLANNING D:1-11
  6095 | D:7      | 6095 ||| Stepping ~*~*~tactically~*~*~ (hiding).
  6162 | D:7      | Found a flagged portal.
  6163 | D:7      | 6163 ||| Stepping ~*~*~tactically~*~*~ (hiding).
  6166 | D:7      | 6166 ||| Stepping ~*~*~tactically~*~*~ (stealth).
  6169 | D:7      | 6169 ||| Stepping ~*~*~tactically~*~*~ (hiding).
  6170 | D:7      | 6170 ||| Stepping ~*~*~tactically~*~*~ (hiding).
  6172 | D:7      | 6172 ||| Stepping ~*~*~tactically~*~*~ (hiding).
  6177 | D:7      | 6177 ||| Stepping ~*~*~tactically~*~*~ (hiding).
  6186 | D:7      | Reached skill level 6 in Fighting
  6286 | D:7      | 6286 ||| Stepping ~*~*~tactically~*~*~ (stealth).
  6301 | D:7      | Reached XP level 9. HP: 55/55 MP: 9/9
  6310 | D:7      | Reached skill level 9 in Axes
  6348 | D:7      | 6348 ||| SWAPPING to +3 war axe of freezing.
  6349 | D:7      | 6349 ||| DROPPING +1 war axe.
  6435 | D:7      | 6435 ||| READING scroll of enchant weapon.
  6435 | D:7      | 6435 ||| ENCHANTING +3 war axe of freezing.
  6439 | D:7      | 6439 ||| Stepping ~*~*~tactically~*~*~ (hiding).
  6446 | D:7      | 6446 ||| Stepping ~*~*~tactically~*~*~ (stealth).
  6575 | D:7      | Reached * piety under Okawaru
  6579 | D:7      | 6579 ||| Stepping ~*~*~tactically~*~*~ (water).
  6586 | D:7      | 6586 ||| Stepping ~*~*~tactically~*~*~ (water).
  6605 | D:7      | 6605 ||| READING scroll of enchant weapon.
  6605 | D:7      | 6605 ||| ENCHANTING +4 war axe of freezing.
  6608 | D:7      | 6608 ||| READING scroll of enchant armour.
  6608 | D:7      | 6608 ||| ENCHANTING +1 pair of boots of stealth.
  6626 | D:7      | 6626 ||| Stepping ~*~*~tactically~*~*~ (stealth).
  6627 | D:7      | 6627 ||| Stepping ~*~*~tactically~*~*~ (stealth).
  6627 | D:7      | Found a runed translucent door.
  6628 | D:7      | Noticed qw's ghost (novice MiHu)
  6639 | D:7      | 6639 ||| Stepping ~*~*~tactically~*~*~ (hiding).
  6640 | D:7      | 6640 ||| Stepping ~*~*~tactically~*~*~ (hiding).
  7014 | D:7      | 7014 ||| READING 2 scrolls of identify.
  7014 | D:7      | 7014 ||| IDENTIFYING silvery potion
  7047 | D:8      | Reached skill level 1 in Throwing
  7047 | D:8      | Reached skill level 1 in Invocations
  7174 | D:8      | 7174 ||| INVOKING Heroism.
  7188 | D:8      | Reached skill level 3 in Invocations
  7194 | D:8      | 7194 ||| INVOKING Heroism.
  7194 | D:8      | HP: 10/55 [orc warrior/+0 halberd (6)]
  7195 | D:8      | 7195 ||| READING 2 scrolls of teleportation.
  7196 | D:8      | 7196 ||| DRINKING potion of heal wounds.
  7199 | D:8      | 7199 ||| FLEEEEING.
  7200 | D:8      | 7200 ||| FLEEEEING.
  7201 | D:8      | 7201 ||| STAIRDANCE
  7389 | D:8      | Reached skill level 6 in Armour
  7389 | D:8      | 7389 ||| INVOKING Heroism.
  7458 | D:8      | 7458 ||| FLEEEEING.
  7459 | D:8      | 7459 ||| FLEEEEING.
  7460 | D:8      | 7460 ||| FLEEEEING.
  7461 | D:8      | 7461 ||| FLEEEEING.
  7462 | D:8      | 7462 ||| FLEEEEING.
  7463 | D:8      | 7463 ||| FLEEEEING.
  7464 | D:8      | 7464 ||| FLEEEEING.
  7465 | D:8      | 7465 ||| FLEEEEING.
  7570 | D:8      | 7570 ||| Stepping ~*~*~tactically~*~*~ (stealth).
  7703 | D:8      | 7703 ||| Stepping ~*~*~tactically~*~*~ (hiding).
  7821 | D:8      | Noticed a troll
  7822 | D:8      | 7822 ||| INVOKING Heroism.
  7834 | D:8      | Killed a troll
  7834 | D:8      | Reached ** piety under Okawaru
  7933 | D:8      | 7933 ||| Stepping ~*~*~tactically~*~*~ (stealth).
  7976 | D:8      | 7976 ||| Stepping ~*~*~tactically~*~*~ (stealth).
  7980 | D:8      | 7980 ||| Stepping ~*~*~tactically~*~*~ (stealth).
  8077 | D:8      | 8077 ||| Stepping ~*~*~tactically~*~*~ (hiding).
  8144 | D:8      | 8144 ||| Stepping ~*~*~tactically~*~*~ (hiding).
  8151 | D:8      | Reached XP level 10. HP: 63/63 MP: 13/13
  8422 | D:8      | 8422 ||| Stepping ~*~*~tactically~*~*~ (hiding).
  8581 | D:8      | 8581 ||| Stepping ~*~*~tactically~*~*~ (stealth).
  8582 | D:8      | 8582 ||| Stepping ~*~*~tactically~*~*~ (stealth).
  8769 | D:8      | 8769 ||| Stepping ~*~*~tactically~*~*~ (stealth).
  8770 | D:8      | 8770 ||| Stepping ~*~*~tactically~*~*~ (stealth).
  8771 | D:8      | 8771 ||| Stepping ~*~*~tactically~*~*~ (stealth).
  8792 | D:8      | 8792 ||| Stepping ~*~*~tactically~*~*~ (hiding).
  8794 | D:8      | 8794 ||| INVOKING Heroism.
  8801 | D:8      | Reached skill level 10 in Axes
  8801 | D:8      | 8801 ||| Stepping ~*~*~tactically~*~*~ (hiding).
  8810 | D:8      | 8810 ||| Stepping ~*~*~tactically~*~*~ (stealth).
  8811 | D:8      | 8811 ||| Stepping ~*~*~tactically~*~*~ (stealth).
  8813 | D:8      | 8813 ||| Stepping ~*~*~tactically~*~*~ (stealth).
  8830 | D:8      | 8830 ||| Stepping ~*~*~tactically~*~*~ (stealth).
  8831 | D:8      | 8831 ||| DROPPING +0 flail.
  8834 | D:8      | 8834 ||| Stepping ~*~*~tactically~*~*~ (stealth).
  8836 | D:8      | 8836 ||| INVOKING Heroism.
  8861 | D:8      | 8861 ||| Stepping ~*~*~tactically~*~*~ (stealth).
  8869 | D:8      | 8869 ||| FLEEEEING.
  9087 | D:8      | 9087 ||| Stepping ~*~*~tactically~*~*~ (stealth).
  9218 | D:8      | 9218 ||| UPGRADING to ring of see invisible.
  9219 | D:8      | 9219 ||| READING 2 scrolls of identify.
  9219 | D:8      | 9219 ||| IDENTIFYING glowing emerald potion
  9246 | D:9      | 9246 ||| INVOKING Heroism.
  9260 | D:9      | Noticed an unseen horror
  9268 | D:9      | Killed an unseen horror
  9452 | D:9      | 9452 ||| Stepping ~*~*~tactically~*~*~ (hiding).
  9455 | D:9      | 9455 ||| Stepping ~*~*~tactically~*~*~ (hiding).
  9456 | D:9      | 9456 ||| Stepping ~*~*~tactically~*~*~ (hiding).
  9468 | D:9      | 9468 ||| FLEEEEING.
  9469 | D:9      | 9469 ||| FLEEEEING.
  9470 | D:9      | 9470 ||| FLEEEEING.
  9471 | D:9      | 9471 ||| FLEEEEING.
  9498 | D:9      | 9498 ||| FLEEEEING.
  9580 | D:9      | 9580 ||| Stepping ~*~*~tactically~*~*~ (hiding).
  9605 | D:9      | 9605 ||| Stepping ~*~*~tactically~*~*~ (stealth).
  9607 | D:9      | 9607 ||| Stepping ~*~*~tactically~*~*~ (hiding).
  9609 | D:9      | 9609 ||| Stepping ~*~*~tactically~*~*~ (hiding).
  9615 | D:9      | 9615 ||| INVOKING Heroism.
  9669 | D:9      | Found a staircase to the Lair.
  9678 | D:9      | 9678 ||| INVOKING Heroism.
 10025 | D:9      | Reached *** piety under Okawaru
 10119 | D:9      | 10119 ||| PLANNING LAIR
 10119 | D:9      | 10119 ||| DROPPING +6 ring of intelligence.
 10120 | D:9      | 10120 ||| READING scroll labelled UCASKU VETWAFE.
 10125 | Lair:1   | Entered Level 1 of the Lair of Beasts
 10157 | Lair:1   | Reached skill level 11 in Axes
 10213 | Lair:1   | Noticed a cane toad
 10214 | Lair:1   | 10214 ||| INVOKING Heroism.
 10218 | Lair:1   | Noticed Amaemon
 10221 | Lair:1   | Killed a cane toad
 10226 | Lair:1   | Reached skill level 9 in Fighting
 10230 | Lair:1   | Reached XP level 11. HP: 62/71 MP: 12/14
 10239 | Lair:1   | Killed Amaemon
 10373 | Lair:1   | Reached **** piety under Okawaru
 10396 | Lair:1   | 10396 ||| Stepping ~*~*~tactically~*~*~ (stealth).
 10402 | Lair:1   | 10402 ||| Stepping ~*~*~tactically~*~*~ (stealth).
 10415 | Lair:1   | 10415 ||| INVOKING Heroism.
 10529 | Lair:1   | 10529 ||| INVOKING Heroism.
 10536 | Lair:1   | Received a gift from Okawaru
 10568 | Lair:1   | 10568 ||| READING scroll of enchant weapon.
 10568 | Lair:1   | 10568 ||| ENCHANTING +5 war axe of freezing.
 10738 | Lair:1   | Reached skill level 6 in Invocations
 10941 | Lair:1   | 10941 ||| INVOKING Heroism.
 10963 | Lair:1   | Noticed Maggie
 10964 | Lair:1   | 10964 ||| Stepping ~*~*~tactically~*~*~ (hiding).
 10974 | Lair:1   | 10974 ||| INVOKING Heroism.
 10978 | Lair:1   | Killed Maggie
 11234 | Lair:1   | 11234 ||| UPGRADING to +0 pair of gloves.
 11239 | Lair:1   | 11239 ||| READING 4 scrolls of identify.
 11239 | Lair:1   | 11239 ||| IDENTIFYING fuming amethyst potion
 11260 | Lair:2   | 11260 ||| INVOKING Heroism.
 11268 | Lair:2   | Reached skill level 12 in Axes
 11282 | Lair:2   | Reached ***** piety under Okawaru
 11392 | Lair:2   | 11392 ||| INVOKING Heroism.
 11403 | Lair:2   | Reached skill level 9 in Armour
 11450 | Lair:2   | Noticed a boulder beetle
 11451 | Lair:2   | 11451 ||| INVOKING Heroism.
 11462 | Lair:2   | 11462 ||| Stepping ~*~*~tactically~*~*~ (stealth).
 11475 | Lair:2   | 11475 ||| INVOKING Finesse.
 11479 | Lair:2   | Killed a boulder beetle
 11480 | Lair:2   | Reached XP level 12. HP: 76/76 MP: 11/17
 11561 | Lair:2   | 11561 ||| INVOKING Heroism.
 11709 | Lair:2   | Reached skill level 6 in Shields
 12339 | Lair:2   | 12339 ||| UPGRADING to +4 ring of protection.
 12440 | Lair:3   | Found a staircase to the Snake Pit.
 12444 | Lair:3   | Reached skill level 9 in Invocations
 12448 | Lair:3   | 12448 ||| INVOKING Heroism.
 12462 | Lair:3   | HP: 19/76 [blink frog (13)]
 12467 | Lair:3   | 12467 ||| Stepping ~*~*~tactically~*~*~ (stealth).
 12469 | Lair:3   | 12469 ||| Stepping ~*~*~tactically~*~*~ (stealth).
 12478 | Lair:3   | 12478 ||| Stepping ~*~*~tactically~*~*~ (stealth).
 12479 | Lair:3   | 12479 ||| FLEEEEING.
 12481 | Lair:3   | 12481 ||| FLEEEEING.
 12482 | Lair:3   | 12482 ||| FLEEEEING.
 12487 | Lair:3   | 12487 ||| FLEEEEING.
 12489 | Lair:3   | 12489 ||| FLEEEEING.
 12490 | Lair:3   | 12490 ||| STAIRDANCE
 12648 | Lair:2   | 12648 ||| READING 4 scrolls of identify.
 12648 | Lair:2   | 12648 ||| IDENTIFYING viscous blue potion
 12649 | Lair:2   | 12649 ||| DROPPING potion of berserk rage.
 12652 | Lair:3   | 12652 ||| INVOKING Heroism.
 12693 | Lair:3   | 12693 ||| Stepping ~*~*~tactically~*~*~ (stealth).
 12706 | Lair:3   | 12706 ||| INVOKING Heroism.
 12707 | Lair:3   | Received a gift from Okawaru
 12859 | Lair:3   | You fall into a shaft and drop 2 floors!
 12859 | Lair:5   | Entered Level 5 of the Lair of Beasts
 12862 | Lair:5   | 12862 ||| INVOKING Heroism.
 12867 | Lair:5   | Noticed a skyshark
 12884 | Lair:5   | Killed a skyshark
 12912 | Lair:5   | Noticed a seven-headed hydra
 12913 | Lair:5   | 12913 ||| INVOKING Heroism.
 12914 | Lair:5   | 12914 ||| INVOKING Finesse.
 12916 | Lair:5   | 12916 ||| SWAPPING to +1 demon whip of venom.
 12921 | Lair:5   | Killed a seven-headed hydra
 12922 | Lair:5   | 12922 ||| SWAPPING to +6 war axe of freezing.
 13016 | Lair:5   | 13016 ||| INVOKING Heroism.
 13119 | Lair:5   | 13119 ||| Stepping ~*~*~tactically~*~*~ (stealth).
 13119 | Lair:5   | Noticed a death yak
 13120 | Lair:5   | 13120 ||| Stepping ~*~*~tactically~*~*~ (stealth).
 13123 | Lair:5   | Noticed a death yak
 13124 | Lair:5   | 13124 ||| INVOKING Heroism.
 13129 | Lair:5   | Noticed a death yak
 13137 | Lair:5   | Killed a death yak
 13138 | Lair:5   | Reached skill level 13 in Axes
 13142 | Lair:5   | Killed a death yak
 13146 | Lair:5   | Killed a death yak
 13147 | Lair:5   | Reached XP level 13. HP: 47/82 MP: 20/20
 13337 | Lair:5   | 13337 ||| SWAPPING to +0 broad axe.
 13338 | Lair:5   | 13338 ||| DROPPING +6 war axe of freezing.
 13339 | Lair:5   | 13339 ||| UPGRADING to +1 pair of gloves of infusion.
 13349 | Lair:5   | 13349 ||| DROPPING +0 pair of gloves.
 13354 | Lair:5   | Found a runed translucent door.
 13369 | Lair:4   | 13369 ||| Stepping ~*~*~tactically~*~*~ (stealth).
 13370 | Lair:4   | 13370 ||| Stepping ~*~*~tactically~*~*~ (stealth).
 13371 | Lair:4   | 13371 ||| Stepping ~*~*~tactically~*~*~ (stealth).
 13379 | Lair:4   | 13379 ||| INVOKING Heroism.
 13383 | Lair:4   | HP: 18/82 [black mamba (6)]
 13384 | Lair:4   | 13384 ||| READING 2 scrolls of teleportation.
 13387 | Lair:4   | HP: 6/82 [cane toad (13)]
 13388 | Lair:4   | Slain by a black mamba

Levels and vault maps discovered:
D:1:      sevenhm_arrival_forest_fort_small_6, layout_basic,
          minmay_misc_feat_chi
D:2:      layout_loops_ring, nicolae_titane
D:3:      layout_loops_ring, mainiacjoe_overflow_alcove_3, uniq_natasha
D:4:      layout_basic, kennysheep_mini, mainiacjoe_overflow_alcove_2
D:5:      layout_basic, serial_shops, nicolae_shop_dealshenge, shop,
          nicolae_shop_sticking_my_neck_out
D:6:      layout_cave_pools, bloody_makhleb, lemuel_round_altar,
          minmay_temple_entry_arrows, nicolae_specific_store
D:7:      layout_loops_cross, serial_rivers, chequers_serial_rivers_small_b,
          chequers_serial_rivers_marsh, chequers_serial_rivers_micro_e,
          chequers_serial_rivers_marsh, gammafunk_ghost_grave, enter_bailey_5
D:8:      layout_layer_cave, special_room [special_room_orc]
D:9:      layout_long_grid, david_lair_shrubbed
Temple:   minmay_temple_bridge_abc
Lair:1:   layout_loops_ring, grunt_megastairs_4, uniq_amaemon, uniq_maggie
Lair:2:   layout_long_grid, wad_woods_road_05, serial_bayou_shore_a,
          lemuel_fruit_fields
Lair:3:   layout_regular_city, elwin_shoals_entry_stream,
          minmay_snake_entry_guardpost_small, basic_altar, grunt_megastairs_5
Lair:4:   layout_gridlike, basic_altar, grunt_megastairs_2
Lair:5:   wormcave, layout_gridlike, slime_entry_1, ebering_ghost_xom,
          portal_ice_cave_entry_ice_simulacra, grunt_megastairs_3

Skill      XL: |  1  2  3  4  5  6  7  8  9 10 11 12 13 |
---------------+----------------------------------------+-----
Axes           | 2 3 4 5 6 7 8 9 11 12 13 | 13.5
Fighting       | 4 5 6 7 9 10 | 10.0
Armour         | 4 5 6 7 9 10 | 10.0
Dodging        | 1 2 |  2.0
Shields        | 4 5 6 |  6.0
Throwing       | 1 2 |  2.6
Invocations    | 4 7 10 | 10.0

Action                     |  1- 3 |  4- 6 |  7- 9 | 10-12 | 13-15 || total
---------------------------+-------+-------+-------+-------+-------++-------
  Melee: War axe           |   113 |   144 |   308 |   408 |    13 ||   986
         Demon whip        |       |       |       |     4 |       ||     4
         Broad axe         |       |       |       |       |    19 ||    19
  Throw: Boomerang         |       |    13 |    54 |   115 |     4 ||   186
         Javelin           |       |       |       |     8 |       ||     8
 Invoke: Heroism           |       |       |     4 |    21 |     1 ||    26
         Finesse           |       |       |       |     2 |       ||     2
    Use: Scroll            |     6 |     2 |    16 |     5 |     1 ||    30
         Potion            |       |       |     1 |       |       ||     1
 Armour: Scale mail        |    56 |    48 |       |       |       ||   104
         Plate armour      |       |    39 |   203 |   242 |    51 ||   535
  Dodge: Dodged            |    53 |    60 |    91 |   112 |    23 ||   339
  Block: Buckler           |    22 |    26 |    54 |    69 |    19 ||   190

Table legend:
 A = Non-vault XP
 B = Vault XP
 C = Vault XP percentage of total XP
 D = Non-vault monster count
 E = Vault monster count
 F = Vault count percentage of total count
                 A         B        C        D         E       F
            +---------+---------+-------+---------+---------+-------
      Total |   24547 |   11371 |  31.7 |     239 |      71 |  22.9
            +---------+---------+-------+---------+---------+-------
        D:1 |      31 |       0 |   0.0 |      15 |       0 |   0.0
        D:2 |      43 |       0 |   0.0 |      19 |       0 |   0.0
        D:3 |     265 |      35 |  11.7 |      25 |       1 |   3.8
        D:4 |     395 |       0 |   0.0 |      12 |       0 |   0.0
        D:5 |     220 |       0 |   0.0 |      19 |       0 |   0.0
        D:6 |     889 |       0 |   0.0 |      17 |       0 |   0.0
        D:7 |     916 |       8 |   0.9 |      21 |       4 |  16.0
        D:8 |    1715 |     872 |  33.7 |      20 |      24 |  54.5
        D:9 |    2482 |     372 |  13.0 |      24 |       1 |   4.0
     Lair:1 |    2460 |    4045 |  62.2 |      13 |      16 |  55.2
     Lair:2 |    5702 |       0 |   0.0 |      19 |       0 |   0.0
     Lair:3 |    2556 |    1447 |  36.1 |      15 |       8 |  34.8
     Lair:4 |     786 |    1268 |  61.7 |       7 |       3 |  30.0
     Lair:5 |    6087 |    3324 |  35.3 |      13 |      14 |  51.9
            +---------+---------+-------+---------+---------+-------
